 Dungeon Crawl Stone Soup version 0.27.1-33-g824d729ab1 (webtiles) character file.

Game seed: 14953721588765666803

72 pkoi the Ruffian (level 4, -8/36 HPs)
             Began as a Draconian Gladiator on Dec 20, 2021.
             Was an Initiate of Ru.
             Killed by nerve-wracking pain
             ... invoked by Grinder
              (14 damage)
             ... while paralysed by Grinder
             ... on level 3 of the Dungeon.
             The game lasted 00:02:31 (2042 turns).

pkoi the Ruffian (Draconian Gladiator)              Turns: 2042, Time: 00:02:32

Health: -8/36      AC:  9    Str: 17    XL:     4   Next: 7%
Magic:  4/4        EV:  2    Int:  9    God:    Ru [......]
Gold:   74         SH:  0    Dex: 12    Spells: 3/3 levels left

rFire    . . .     SeeInvis .     - Unarmed
rCold    . . .     Faith    .   (no shield)
rNeg     . . .     Spirit   .   (armour unavailable)
rPois    .         Reflect  .   a - +1 hat
rElec    .         Harm     .   (no cloak)
rCorr    .         Rampage  .   (no gloves)
Will     .....                  h - +2 pair of boots
Stlth    +.........             (no amulet)
HPRegen  0.12/turn              (no ring)
MPRegen  0.09/turn              (no ring)

@: paralysed
A: AC +5, unfitting armour, cold-blooded
a: Renounce Religion


You were on level 3 of the Dungeon.
You worshipped Ru.
Ru was noncommittal.
You visited 1 branch of the dungeon, and saw 3 of its levels.

You collected 85 gold pieces.
You spent 11 gold pieces at shops.

Inventory:

Missiles
 b - 3 throwing nets (quivered)
 f - 13 poisoned darts
Armour
 a - a +1 hat (worn)
 h - a +2 pair of boots (worn)
Scrolls
 c - a scroll of noise
 e - a scroll of magic mapping
Potions
 d - a potion of curing {unknown}
 g - a potion of might {unknown}
 i - a potion of lignification {unknown}


   Skills:
 - Level 2.1 Fighting
 - Level 1.7 Throwing
 - Level 2.6 Dodging
 + Level 5.0 Unarmed Combat


You had 3 spell levels left.
You didn't know any spells.
Your spell library contained the following spells:

 Spells                   Type           Power      Damage    Failure   Level
 Summon Small Mammal      Summ           0%         N/A       38%         1
 Call Canine Familiar     Summ           0%         N/A       77%         3
 Summon Guardian Golem    Hex/Summ       0%         N/A       77%         3


Dungeon Overview and Level Annotations

Branches:
Dungeon (3/15)

Altars:
Nemelex Xobeh
Ru

Shops:
D:1 !

Annotations:
D:3 Grinder


Innate Abilities, Weirdness & Mutations

Your plain brown scales are hard. (AC +5)
You cannot fit into any form of body armour.
You are cold-blooded and may be slowed by cold attacks.


Message History

Grinder barely misses you.
You completely miss Grinder.
Grinder is heavily wounded.
Grinder hits you.
You hit Grinder but do no damage.
Grinder is heavily wounded.
Grinder hits you but does no damage.
You hit Grinder.
Grinder is heavily wounded.
Grinder gestures at you. You resist with significant effort.
You hit Grinder.
Grinder is severely wounded.
Grinder gestures at you. You resist with significant effort.
You closely miss Grinder.
Your tail-slap misses Grinder.
Grinder is severely wounded.
Grinder drinks a potion.
Grinder suddenly seems more resistant.
You punch Grinder!
Grinder is almost dead.
You hit Grinder but do no damage.
Grinder is almost dead.
Grinder gestures at you.
You suddenly lose the ability to move!
Grinder hits you.
* * * LOW HITPOINT WARNING * * *
You writhe in agony.
* * * LOW HITPOINT WARNING * * *
Grinder hits you.
* * * LOW HITPOINT WARNING * * *
You writhe in agony.
* * * LOW HITPOINT WARNING * * *
Grinder hits you.
* * * LOW HITPOINT WARNING * * *
You writhe in agony.
* * * LOW HITPOINT WARNING * * *
Grinder says, "Just stop there for a second..."
Grinder gestures at you. Pain shoots through your body!
You die...

# *,* *,,,,,,,,,,*,,,,,,,,*
* *,* *,,,,,,,,,,*,,...,,,*
* *,* *#.,***,,,,*,,...,,,*
* *,* #..* *,,,,*,....,,,*
****+****#.#**,,,,*.....,,,*
,,,,,,,###..####+##.....,,,*
,,,,,,,...............,,,,,*
,,,,,,,...#........#,,,<,,,*
,,,,,,,.........@..#,,,,,,,*
,,,,,,,,,.#.....5..#,,,,,,,*
,*****,,,,#...=....#,,,,,,,*
,* *,,,,#........#,,,,,,,*
,* *****#........#,,,,,,,*
,* #........#,..,,,,* ,*
##.......##...,,,,* ,*
#.........#.#******
,***######._..⌠.._...#


You could see Grinder (resistant).

Vanquished Creatures
  2 adders (D:2)
  3 worms (D:2)
  2 dart slugs (D:2)
  6 endoplasms
  8 hobgoblins
  4 ball pythons (D:2)
  6 bats
  A frilled lizard (D:2)
  A goblin (D:1)
  10 kobolds
  2 rats
45 creatures vanquished.

Notes
Turn   | Place    | Note
-------+----------+-------------------------------------------
     0 | D:1      | pkoi the Draconian Gladiator began the quest for the Orb.
     0 | D:1      | Reached XP level 1. HP: 17/17 MP: 1/1
     5 | D:1      | Noticed a death yak
    65 | D:1      | Found Paenyg's Distillery.
    84 | D:1      | Bought a potion of degeneration for 11 gold pieces
   217 | D:1      | Found a faded altar of an unknown god.
   385 | D:1      | Reached XP level 2. HP: 24/24 MP: 2/2
   663 | D:1      | Noticed an anaconda
   939 | D:2      | Reached skill level 4 in Unarmed Combat
  1378 | D:2      | Reached XP level 3. HP: 7/29 MP: 3/3
  1847 | D:2      | Reached XP level 4. HP: 36/36 MP: 4/4
  1872 | D:2      | Reached skill level 5 in Unarmed Combat
  2007 | D:3      | Found a sparkling altar of Nemelex Xobeh.
  2007 | D:3      | Found a sacrificial altar of Ru.
  2019 | D:3      | Became a worshipper of Ru the Awakened
  2021 | D:3      | Noticed Grinder
  2038 | D:3      | Paralysed by Grinder for 6 turns
  2042 | D:3      | Killed from afar by Grinder

Illustrated notes

Levels and vault maps discovered:
D:1:      sevenhm_arrival_forest_fort_small_2, layout_rooms, serial_shops, shop,
          dreamdust_ecumenical_altar_grove, minmay_misc_feat_tower,
          minmay_stone_trees_small
D:2:      minmay_chambers_of_twos, layout_basic, ebering_dispersal_statue_hall
D:3:      layout_basic, demons_altar, amcnicky_altar_gilded,
          grunt_temple_overflow_open, cheibrodos_sewer_entry_sluice,
          uniq_grinder

Skill      XL: |  1  2  3  4 |
---------------+-------------+-----
Unarmed Combat | 4 5 |  5.0
Fighting       | |  2.1
Throwing       | |  1.7
Dodging        | |  2.6

Action                   |  1- 3 |  4- 6 || total
-------------------------+-------+-------++-------
Melee: Unarmed           |   142 |    21 ||   163
       Tailslap          |    18 |     3 ||    21
       Punch             |     2 |       ||     2
  Use: Potion            |     1 |       ||     1
       Scroll            |       |     4 ||     4
 Stab: Sleeping          |     1 |       ||     1
Armor: Skin              |    55 |     2 ||    57
Dodge: Dodged            |    85 |     4 ||    89
